Cogmind - Beta 11.1 @@@ ROGUE MODE // 2022.06.10 @ 23:38:15 Player: Ruxi Result: Self-destructed Performance ------------- Evolutions (2) 1000 Regions Visited (5) 1000 Robots Destroyed (96) 480 Value Destroyed (2070) 2070 Prototype IDs (6) 120 Alien Tech Used (0) 0 Bonus (-11) -11 TOTAL SCORE: 4659 Bonus ------- High Alert Combat Kills 26 Follower Combat Kills 35 Friendly Fire -72 Cogmind --------- Core Integrity 550/550 Matter 247/300 Energy 280/280 System Corruption 0% Temperature Cool (0) Movement Treading (160) Location -8/Materials Parts ------- > --- POWER (1) -------- Heavy Ion Engine > --- PROPULSION (4) --- Improved Treads Improved Treads Wheel > --- UTILITY (4) ------ Improved Heat Sink Large Storage Unit Core Shielding Light Armor Plating > --- WEAPON (2) ------- Improved Assault Rifle Improved Assault Rifle > --- INVENTORY (15) --- Ion Engine Light Nuclear Core Splice Drone Bay (6/6) Beamcaster Improved Assault Rifle Rocket Launcher Missile Launcher Plasma Cutter Flail EMP Trap EMP Trap EMP Trap EMP Trap EMP Trap Peak State ------------ > --- POWER ------------ Improved Ion Engine > --- PROPULSION ------- Carbon-fiber Leg Carbon-fiber Leg > --- UTILITY ---------- Improved Heat Sink Large Storage Unit Hardened Light Armor Plating Hacking Suite > --- WEAPON ----------- Improved EM Shotgun Beamcaster > --- INVENTORY -------- Light Angular Momentum Engine Light Treads Light Treads Shield Generator Tractor Beam Splice Drone Bay Improved EM Shotgun EM Pulse Cannon Improved Assault Rifle Improved Assault Rifle Improved Assault Rifle Grenade Launcher Grenade Launcher Rocket Launcher Missile Launcher [Rating: 28] Favorites ----------- Power Heavy Ion Engine Engine Heavy Ion Engine Power Core Light Nuclear Core Propulsion Light Treads Treads Light Treads Leg Carbon-fiber Leg Wheel Wheel Hover Unit Hover Unit Utility Large Storage Unit Device Improved Heat Sink Storage Large Storage Unit Hackware Hacking Suite Protection Core Shielding Weapon Improved Assault Rifle Energy Gun Improved EM Shotgun Energy Cannon EM Pulse Cannon Ballistic Gun Improved Assault Rifle Launcher Grenade Launcher Special Weapon Plasma Cutter Build | -11 -10 -10 -9 -9 -8 ------- Run | Scr Mat Min Mat Min Mat Slots Evolved 4 | . . . 2 . 2 Power . | . . . . . . Propulsion 2 | . . . . . 2 Utility 2 | . . . 2 . . Weapon . | . . . . . . Parts Attached 110 | . 11 5 56 36 2 Power 10 | . . 2 4 4 . Engine 8 | . . 1 3 4 . Core 2 | . . 1 1 . . Reactor . | . . . . . . Propulsion 30 | . 2 . 12 15 1 Treads 18 | . 2 . 9 7 . Leg 3 | . . . 3 . . Wheel 8 | . . . . 7 1 Hover 1 | . . . . 1 . Flight . | . . . . . . Utility 21 | . 4 3 8 6 . Device 12 | . . 3 5 4 . Storage 3 | . 3 . . . . Processor . | . . . . . . Hackware 1 | . . . 1 . . Protection 5 | . 1 . 2 2 . Artifact . | . . . . . . Weapon 49 | . 5 . 32 11 1 Energy Gun 14 | . . . 13 1 . Energy Cannon 3 | . . . 2 1 . Ballistic Gun 23 | . 3 . 15 4 1 Ballistic Cannon . | . . . . . . Launcher 7 | . 2 . 2 3 . Special Weapon 2 | . . . . 2 . Impact Weapon . | . . . . . . Slashing Weapon . | . . . . . . Piercing Weapon . | . . . . . . Special Melee Weapon . | . . . . . . Unidentified Prototypes 4 | . . 1 3 . . Parts Lost 7 | . . . 2 5 . Power 1 | . . . 1 . . Propulsion 3 | . . . 1 2 . Utility 3 | . . . . 3 . Weapon . | . . . . . . Highest Loss Streak 3 | . . . 2 3 . To Critical Strikes . | . . . . . . Average Slot Usage (%) 98 | . 98 100 98 99 87 Engine 10 | . 14 6 10 11 9 Core 1 | . . 7 . . . Treads 21 | . 27 28 19 15 18 Wheel 1 | . . . . 6 6 Device 13 | . . 12 15 18 9 Storage 13 | . 21 14 11 11 9 Hackware 3 | . . . 7 . . Protection 8 | . 4 1 8 14 18 Energy Gun 4 | . . . 11 . . Ballistic Gun 11 | . 26 . 8 12 15 Launcher 5 | . . 28 . 2 . Special Weapon 1 | . . . . 6 3 Naked Turns . | . . . . . . Heaviest Build 42 | 13 34 36 41 42 39 Greatest Support 46 | 20 40 40 40 46 46 Greatest Overweight (x) 2 | . . . 2 1 . Average Overweight (x) . | . . . . . . Largest Inventory Capacity 15 | . 15 15 15 15 15 Average Capacity 14 | . 14 15 15 15 15 Most Carried 15 | . 15 15 15 15 15 Average Carried 14 | . 12 14 14 13 14 Final Capacity 15 | 8 15 15 15 15 15 Final Carried 15 | 6 15 15 15 15 14 Class Distribution -------------------- 53% | Mutant 46% | Scavenger-Mutant Dominant Class ---------------- Mutant | -10/Materials Mutant | -10/Mines Scavenger-Mutant | -9/Materials Mutant | -9/Mines Mutant | -8/Materials Resources | -11 -10 -10 -9 -9 -8 ----------- Run | Scr Mat Min Mat Min Mat Matter Collected 2319 | 200 240 357 843 679 . Remotely 691 | . . 295 340 56 . Salvage Created 2921 | . 389 408 1451 673 . Parts 207 | . 35 28 96 48 . Haulers Intercepted 6 | . 1 . 5 . . Recyclers Shooed . | . . . . . . Parts Field Recycled . | . . . . . . Retrieved Matter . | . . . . . . Parts Self-Destructed . | . . . . . . Prevented . | . . . . . . Kills | -11 -10 -10 -9 -9 -8 ------- Run | Scr Mat Min Mat Min Mat Combat Hostiles Destroyed 77 | . 10 13 25 29 . Guns 36 | . 8 . 19 9 . Cannons 1 | . . . . 1 . AOE 39 | . 2 13 5 19 . Classes Destroyed 12 | . 6 1 2 3 . Worker 13 | . 4 1 3 5 . Builder 3 | . 1 . 2 . . Tunneler 2 | . . . . 2 . Hauler 6 | . 1 . 5 . . Recycler 3 | . . 2 1 . . Operator 1 | . . . 1 . . Watcher 6 | . 2 . 4 . . Swarmer 21 | . 6 3 8 4 . Grunt 32 | . 4 10 10 8 . Sentry 7 | . . . 7 . . Demolisher 2 | . . . . 2 . Assembled 15 | . . . . 15 . Best Kill Streak 14 | . 5 4 5 14 . Combat Bots Only 14 | . 5 3 5 14 . Max Kills in Single Turn 5 | . 2 2 3 5 . Gunslinging 1 | . 1 . . . . Exploded 5 | . 1 2 2 5 . Melee . | . . . . . . Uniques/NPCs Destroyed . | . . . . . . Combat | -11 -10 -10 -9 -9 -8 -------- Run | Scr Mat Min Mat Min Mat Damage Taken 2596 | . 241 233 1039 1083 . Core 331 | . 34 46 89 162 . Absorbed by Shields 268 | . . . 98 170 . Redirected to Shielding 33 | . . . . 33 . Core Remaining (%) 68 | 100 . 68 . 37 . Volleys Fired 184 | . 36 14 79 55 . Largest 2 | . 2 2 2 2 . Hottest 90 | . 60 60 90 69 . Shots Fired 341 | . 70 22 155 94 . Gun 277 | . 66 . 148 63 . Cannon 3 | . . . 1 2 . Launcher 43 | . 4 22 6 11 . Special 18 | . . . . 18 . Kinetic 178 | . 64 . 51 63 . Thermal 23 | . 2 . 3 18 . Explosive 43 | . 4 22 6 11 . Electromagnetic 97 | . . . 95 2 . Robot Hit Streak 19 | . 14 4 16 19 . Robot Miss Streak 7 | . 7 2 4 2 . Penetration Max . | . . . . . . Secondary Targets 1 | . 1 . . . . Max Gunslinging Chain 1 | . 1 . . . . Shots Hit Robots 217 | . 36 6 119 56 . Core Hits 173 | . 21 26 65 61 . Critical Kills 2 | . 1 . . 1 . Critical Parts Destroyed 2 | . 1 . . 1 . Critical Strikes 5 | . 2 . 1 2 . Burn 1 | . . . 1 . . Destroy 4 | . 2 . . 2 . Melee Attacks . | . . . . . . Impact . | . . . . . . Slashing . | . . . . . . Piercing . | . . . . . . Sneak Attacks . | . . . . . . Combat Hostiles . | . . . . . . Follow-up Attacks . | . . . . . . Damage Inflicted 5998 | . 642 888 2278 2190 . Guns 2836 | . 437 . 1741 658 . Cannons 27 | . . . . 27 . Explosions 3026 | . 205 888 530 1403 . Melee . | . . . . . . Ramming 7 | . . . 7 . . Kinetic 1597 | . 427 . 512 658 . Thermal 362 | . 10 . 172 180 . Explosive 2796 | . 205 888 378 1325 . Electromagnetic 1236 | . . . 1209 27 . Impact . | . . . . . . Slashing . | . . . . . . Piercing . | . . . . . . Highest Corruption 5 | . 2 2 5 5 . Average Corruption 3 | . 2 2 3 5 . Corruption Purged . | . . . . . . Corruption Blocked . | . . . . . . Effects 78 | . 1 15 32 30 . Message Errors 21 | . 1 4 7 9 . Matter Fused 20 | . . 6 7 7 . Heat Flow Errors 8 | . . 3 5 . . Energy Discharges 9 | . . . 4 5 . Parts Rejected 1 | . . . . 1 . Data Loss (minor) 10 | . . 1 4 5 . Data Loss (major) 6 | . . . 5 1 . Misfires 2 | . . 1 . 1 . Weapon Failures 1 | . . . . 1 . Overload Shots . | . . . . . . Overflow Damage 128 | . 50 . . 78 . Projectiles . | . . . . . . Explosions 128 | . 50 . . 78 . Melee . | . . . . . . Knockbacks . | . . . . . . Impact . | . . . . . . Kinetic . | . . . . . . Secondary . | . . . . . . Self-Inflicted Damage 363 | . . 146 128 89 . Shots 12 | . . 5 4 3 . Rammed 1 | . . . 1 . . Targets Rammed 1 | . . . 1 . . Kicked . | . . . . . . Crushed . | . . . . . . Highest Temperature 327 | . 27 198 327 7 . Average Temperature 95 | . 9 45 130 4 . Received Heat Transfer 630 | . 63 54 376 137 . Effects 2 | . . . 2 . . Energy Bleed 1 | . . . 1 . . Interference 1 | . . . 1 . . Siege Activations . | . . . . . . Robots Corrupted 1 | . . . 1 . . Combat Hostiles 1 | . . . 1 . . Parts Fried 4 | . . . 4 . . Impact Corruptions . | . . . . . . Robots Melted . | . . . . . . Combat Hostiles . | . . . . . . Parts Melted 2 | . . . 2 . . Heat Transferred 769 | . 25 . 261 483 . Parts Sabotaged . | . . . . . . Parts Stolen . | . . . . . . Parts Stripped . | . . . . . . Power Chain Reactions 5 | . . . 4 1 . Missiles Intercepted . | . . . . . . Alert | -11 -10 -10 -9 -9 -8 ------- Run | Scr Mat Min Mat Min Mat Peak Influence 483 | . 179 417 481 483 99 Initial 161 | . . 49 152 161 99 Average 260 | . 49 316 299 301 99 Maximum Alert Level 2 | . . 2 2 2 . Low Security (%) 26 | . 100 21 13 2 100 Level 1 64 | . . 66 75 88 . Level 2 8 | . . 12 10 9 . Level 3 . | . . . . . . Level 4 . | . . . . . . Level 5 . | . . . . . . High Security . | . . . . . . Max Security . | . . . . . . Squads Dispatched 6 | . 2 1 3 . . Investigation 3 | . 1 1 1 . . Extermination . | . . . . . . Reinforcement 3 | . 1 . 2 . . Assault . | . . . . . . Garrison . | . . . . . . Intercept . | . . . . . . Searches Triggered . | . . . . . . Construction Impeded . | . . . . . . Haulers Reinforced . | . . . . . . Active Scanning Responses . | . . . . . . Cargo Convoy Interrupts . | . . . . . . Stealth | -11 -10 -10 -9 -9 -8 --------- Run | Scr Mat Min Mat Min Mat Distress Signals 2 | . 1 . 1 . . Communications Jammed . | . . . . . . Distress Signals . | . . . . . . Times Spotted 102 | . 19 9 38 36 . Peak Tracking Total 13 | . 5 3 5 13 . Tactical Retreats 7 | . . . 4 3 . Traps | -11 -10 -10 -9 -9 -8 ------- Run | Scr Mat Min Mat Min Mat Traps Triggered 6 | . 5 . 1 . . Indirectly . | . . . . . . Trap Hack Attempts . | . . . . . . Triggered . | . . . . . . Disarmed . | . . . . . . Reprogrammed . | . . . . . . Reused . | . . . . . . Traps Extracted . | . . . . . . Installed . | . . . . . . Triggered . | . . . . . . Most Traps Carried 5 | . . . . 5 5 Machines | -11 -10 -10 -9 -9 -8 ---------- Run | Scr Mat Min Mat Min Mat Machines Disabled 5 | . . 1 4 . . Max in Single Turn 2 | . . 1 2 . . Machines Sabotaged . | . . . . . . Garrisons Compromised . | . . . . . . Overloaded Fab Kills . | . . . . . . Hacking | -11 -10 -10 -9 -9 -8 --------- Run | Scr Mat Min Mat Min Mat Machines Accessed 17 | . 4 1 12 . . Terminals 13 | . 4 . 9 . . Fabricators . | . . . . . . Repair Stations . | . . . . . . Recycling Units 1 | . . . 1 . . Scanalyzers 2 | . . . 2 . . Garrison Access . | . . . . . . Total Hacks 50 | . 12 1 37 . . Successful 27 | . 3 1 23 . . Failed 23 | . 9 . 14 . . Catastrophic 4 | . 2 . 2 . . Database Lockouts . | . . . . . . Manual 39 | . 11 . 28 . . Terminals 40 | . 12 . 28 . . Fabricators . | . . . . . . Repair Stations . | . . . . . . Recycling Units 3 | . . . 3 . . Scanalyzers 6 | . . . 6 . . Garrison Access . | . . . . . . Terminal Hacks 10 | . 2 1 7 . . Prototype ID Bank 1 | . . . 1 . . Open Door 1 | . . 1 . . . Terminal Index 1 | . . . 1 . . Unreport Threat 5 | . 2 . 3 . . Hauler Manifests 1 | . . . 1 . . Zone Layout 1 | . . . 1 . . Fabricator Hacks . | . . . . . . Repair Station Hacks . | . . . . . . Recycling Unit Hacks 1 | . . . 1 . . Report Inventory 1 | . . . 1 . . Scanalyzer 5 | . . . 5 . . Insert Component 2 | . . . 2 . . Analyze 3 | . . . 3 . . Garrison Access Hacks . | . . . . . . Unauthorized Hacks 11 | . 1 . 10 . . Terminals 8 | . 1 . 7 . . Assimilate 2 | . . . 2 . . Botnet 5 | . 1 . 4 . . Operators 1 | . . . 1 . . Fabricators . | . . . . . . Repair Stations . | . . . . . . Recycling Units 2 | . . . 2 . . Recyclers 1 | . . . 1 . . Mask 1 | . . . 1 . . Scanalyzers 1 | . . . 1 . . Extract 1 | . . . 1 . . Garrison Access . | . . . . . . Data Cores Recovered . | . . . . . . Used . | . . . . . . Hacking Detections 13 | . 4 . 9 . . Full Trace Events . | . . . . . . Feedback Events . | . . . . . . Feedback Blocked . | . . . . . . Robot Schematics Acquired . | . . . . . . Robots Built . | . . . . . . Authchips . | . . . . . . Time . | . . . . . . Total Robot Build Rating . | . . . . . . Part Schematics Acquired 11 | . . . 11 . . Parts Built . | . . . . . . Authchips . | . . . . . . Time . | . . . . . . Total Part Build Rating . | . . . . . . Parts Repaired . | . . . . . . Time . | . . . . . . Parts Recycled . | . . . . . . Recycled Matter . | . . . . . . Retrieved Matter . | . . . . . . Retrieved Components . | . . . . . . Parts Scanalyzed 2 | . . . 2 . . Part Schematics Acquired 2 | . . . 2 . . Parts Damaged . | . . . . . . Bothacking | -11 -10 -10 -9 -9 -8 ------------ Run | Scr Mat Min Mat Min Mat Used RIF Installer . | . . . . . . Robots Hacked . | . . . . . . Non-combat . | . . . . . . Combat . | . . . . . . Robot Hacks Applied . | . . . . . . Relay Couplers Released . | . . . . . . Fabnet Peak Effective % . | . . . . . . Robots Rewired . | . . . . . . Allies Hacked . | . . . . . . Hacks Repelled . | . . . . . . Allies | -11 -10 -10 -9 -9 -8 -------- Run | Scr Mat Min Mat Min Mat Total Allies 2 | . . 1 1 . . Largest Group 1 | . . 1 1 1 . Highest-Rated Group 31 | . . 31 10 6 . Highest-Rated Ally 31 | . . 31 10 6 . Total Orders . | . . . . . . Ally Attacks 14 | . . 14 . . . Total Damage 187 | . . 187 . . . Kills 1 | . . 1 . . . Allies Corrupted . | . . . . . . Allies Melted . | . . . . . . Intel | -11 -10 -10 -9 -9 -8 ------- Run | Scr Mat Min Mat Min Mat Robot Analysis Total . | . . . . . . Derelict Logs Recovered 2 | . . 1 . 1 . Drone Launches . | . . . . . . Drone Recoveries . | . . . . . . Exploration | -11 -10 -10 -9 -9 -8 ------------- Run | Scr Mat Min Mat Min Mat Turns Passed 5144 | . 851 893 1997 1374 29 Spaces Moved 2527 | 1 441 529 897 643 16 Core . | . . . . . . Treads 2316 | . 437 529 824 510 16 Legs 78 | 1 4 . 73 . . Wheels 133 | . . . . 133 . Hover . | . . . . . . Flight . | . . . . . . Fastest Speed 95 | 120 120 160 160 95 160 Average Speed 162 | 120 159 160 163 166 160 Slowest Speed 260 | 120 160 160 260 240 160 Overloaded Moves . | . . . . . . Propulsion Burnouts . | . . . . . . Robots Hopped . | . . . . . . Cave-ins Triggered . | . . . . . . Exploration Rate (%) 60 | 2 77 94 87 97 5 Regions Visited 5 Branch Regions 2 Pre-discovered Areas . | . . . . . . Known Exits Taken 1 | . . . 1 . . Unknown Exits Taken 4 | 1 1 1 . 1 . Scrap Searched 2 | . . 1 . 1 . Spaces Dug 14 | . . 14 . . . Terrain Destroyed 326 | . 13 136 75 102 . Melee . | . . . . . . Projectile . | . . . . . . AOE 326 | . 13 136 75 102 . Terrain Rammed . | . . . . . . Walls Destroyed . | . . . . . . Machines Disabled . | . . . . . . Actions | -11 -10 -10 -9 -9 -8 --------- Run | Scr Mat Min Mat Min Mat Total 3199 | . 520 559 1272 830 18 Wait 272 | . 18 . 188 66 . Move 2522 | . 440 528 896 642 16 Hop . | . . . . . . Pick Up 51 | . 10 5 20 16 . Fast Attach 14 | . 2 2 7 3 . Attach 12 | . 1 . 4 6 1 Detach 1 | . . . 1 . . Swap 84 | . 8 3 45 27 1 Drop 58 | . 5 7 31 15 . Fire 184 | . 36 14 79 55 . Melee . | . . . . . . Ram . | . . . . . . Kick . | . . . . . . Crush 1 | . . . 1 . . Escape Stasis . | . . . . . . Rewire . | . . . . . . Trap . | . . . . . . Miscellaneous . | . . . . . . Route ------- -11/Scrapyard -10/Materials (discovered 3 exits: *Mat x2 / *Min) -10/Mines (discovered 2 exits: *Mat x2) -9/Materials (discovered 6 exits: [*Mat x3] / *Min x2 / [*Sto]) -9/Mines (discovered 2 exits: [*Mat x2]) -8/Materials History --------- Turn | Location | Event 1 | -11/Scrapyard | Discovered new exit (range 0) 1 | -11/Scrapyard | Entered Materials 135 | -10/Materials | Discovered new exit (range 8) 276 | -10/Materials | Discovered new exit (range 15) 317 | -10/Materials | Build established: Mutant 346 | -10/Materials | Discovered new exit (range 10) 852 | -10/Materials | Entered Mines 884 | -10/Mines | Received a Rocket Launcher from a helpful Derelict 1089 | -10/Mines | Learned location of 1 exit from Materials 1093 | -10/Mines | Received a Mining Laser from a helpful Derelict 1139 | -10/Mines | Discovered new exit (range 16) 1257 | -10/Mines | Found the Drone Emporium 1279 | -10/Mines | Found Prototype Device 1280 | -10/Mines | Identified Splice Drone Bay 1306 | -10/Mines | Met a Derelict shopkeep closing up shop 1692 | -10/Mines | Discovered new exit (range 8) 1745 | -10/Mines | Entered Materials 1745 | -9/Materials | Evolved 2 slots: Utility x2 1746 | -9/Materials | Identified exit to Mines 1846 | -9/Materials | Discovered new exit (range 12) 2245 | -9/Materials | Discovered new exit (range 4) 2610 | -9/Materials | Build established: Scavenger-Mutant 2713 | -9/Materials | Discovered new exit (range 15) 3331 | -9/Materials | Discovered new exit (range 11) 3459 | -9/Materials | Discovered exit to Mines (range 12) 3742 | -9/Materials | Entered Mines 3742 | -9/Mines | Accompanied by 1 ally 3752 | -9/Mines | Discovered new exit (range 15) 3761 | -9/Mines | Assembled infested the area 3766 | -9/Mines | Assisted by a Guerilla fighting off Assembled 3800 | -9/Mines | Destroyed 14 combat bots 3823 | -9/Mines | Core integrity fell below 50% 3855 | -9/Mines | Lost 3 parts (1n2u) 3979 | -9/Mines | Discovered new exit (range 15) 4208 | -9/Mines | Found a hidden stash of uninstalled traps 4863 | -9/Mines | Build established: Mutant 4893 | -9/Mines | Learned Materials stockpile data 5116 | -9/Mines | Entered Materials 5116 | -8/Materials | Evolved 2 slots: Propulsion x2 5145 | -8/Materials | Self-destructed Last Messages --------------- 04874_ Acquired 30 matter. 04893_ Acquired derelict log, extracted data. Data stored: Materials stockpile data. 04896_ K-01 Serf destroyed. 04902_ Acquired 18 matter. 04914_ K-01 Serf destroyed. 04918_ Acquired 22 matter. 04942_ System corrupted: Matter fused (-9). 04958_ Acquired 3 matter. 04981_ System corrupted: Matter fused (-5). 04982_ Acquired 8 matter. 04999_ W6CZV57HBWTQA1PHRGAN 5GKZB 05027_ System corrupted: Component data lost. 05042_ NRAV4>POPETFMQ6> 05068_ Acquired 38 matter. 05096_ X%E